 Dungeon Crawl Stone Soup version 0.26-a0-651-gb41185065b (webtiles) character file.

Game seed: 7369607883808275596

206529 kae the Brawler (level 18, -5/208 HPs)
             Began as a Grey Draconian Transmuter on Oct 27, 2020.
             Was the Champion of Wu Jian.
             Shot with a bolt by a naga sharpshooter (11 damage)
             ... on level 4 of the Snake Pit.
             The game lasted 00:48:16 (41622 turns).

kae the Brawler (Grey Draconian Transmuter)        Turns: 41622, Time: 00:48:17

Health: -5/208     AC: 32    Str: 21    XL:     18   Next: 45%
Magic:  32/32      EV: 25    Int: 14    God:    Wu Jian [******]
Gold:   3155       SH:  0    Dex: 16    Spells: 13/37 levels left

rFire    + . .     SeeInvis .     - Unarmed
rCold    + . .     Faith    .   (no shield)
rNeg     + + +     Spirit   .   (armour unavailable)
rPois    ∞         Reflect  .   K - +2 hat
rElec    +         Harm     .   k - +0 cloak
rCorr    .         Rampage  .   (gloves currently unavailable)
MR       +....                  (boots currently unavailable)
Stlth    +.........             m - amulet of Weaten {RegenMP *Contam Dex+3 Slay+5}
HPRegen  0.44/turn              F - ring "Lelos" {rElec rPois rC+ rN+ AC+4 Dex+2}
MPRegen  0.48/turn              s - ring of Fuolatru {*Contam rElec rF+ rN+++ EV+4}

@: statue-form, slowed, studying Short Blades, very slow
A: (walk through water), unfitting armour, unbreathing, cold-blooded, AC +15
a: End Transformation, Wall Jump, Serpent's Lash, Heavenly Storm, Renounce
Religion


You were on level 4 of the Snake Pit.
You worshipped Wu Jian.
Wu Jian was exalted by your worship.
You were a stone statue.
You visited 5 branches of the dungeon, and saw 29 of its levels.
You visited the Abyss 1 time.
You also visited: Gauntlet.

You collected 4030 gold pieces.
You spent 875 gold pieces at shops.

Inventory:

Armour
 e - a +0 pair of gloves (melded)
 k - a +0 cloak (worn)
 n - a +0 pair of boots (melded)
 K - a +2 hat (worn)
Jewellery
 m - the amulet of Weaten (around neck) {RegenMP *Contam Dex+3 Slay+5}
   (You found it in a Gauntlet)

   [amulet of magic regeneration]

   It increases your magic regeneration.
   It affects your dexterity (+3).
   It affects your accuracy and damage with ranged weapons and melee attacks
   (+5).
   It causes magical contamination when unequipped.
 s - the ring of Fuolatru (right hand) {*Contam rElec rF+ rN+++ EV+4}
   (You found it on level 7 of the Dungeon)

   [ring of evasion]

   It affects your evasion (+4).
   It protects you from fire.
   It insulates you from electricity.
   It renders you almost immune to negative energy.
   It causes magical contamination when unequipped.
 t - an uncursed ring of protection from cold
 C - an uncursed amulet of regeneration
 F - the ring "Lelos" (left hand) {rElec rPois rC+ rN+ AC+4 Dex+2}
   (You found it on level 9 of the Dungeon)

   [ring of protection]

   It affects your AC (+4).
   It affects your dexterity (+2).
   It protects you from cold.
   It insulates you from electricity.
   It protects you from poison.
   It protects you from negative energy.
 H - the ring of the Cricket {rF+ rN++ Str+3 SInv Stlth-}
   (You found it on level 9 of the Dungeon)

   [ring of protection from fire]

   It affects your strength (+3).
   It protects you from fire.
   It greatly protects you from negative energy.
   It lets you see invisible.
   It makes you less stealthy.
 I - an uncursed ring of positive energy
 L - an uncursed ring of fire
 P - an uncursed ring of magical power
 Q - a +4 ring of evasion
 S - a +6 ring of dexterity
 T - an uncursed amulet of guardian spirit
 U - a +4 ring of slaying
 Y - an uncursed amulet of magic regeneration
Wands
 g - a wand of iceblast (29)
 j - a wand of disintegration (34)
 p - a wand of flame (60)
 y - a wand of digging (20)
 E - a wand of paralysis (7)
 M - a wand of polymorph (37)
 X - a wand of random effects (31)
 Z - a wand of acid (8)
Scrolls
 b - 9 scrolls of teleportation
 d - 4 scrolls of blinking
 l - 11 scrolls of enchant weapon
 o - 10 scrolls of remove curse
 q - 9 scrolls of fog
 D - 3 scrolls of magic mapping
 J - 3 scrolls of fear
 N - 2 scrolls of enchant armour
 O - 5 scrolls of amnesia
 R - a scroll of summoning
 V - 4 scrolls of identify
Potions
 a - 6 potions of haste
 c - a potion of mutation
 f - 17 potions of curing
 h - 2 potions of ambrosia
 i - a potion of might
 r - a potion of berserk rage
 u - 2 potions of stabbing
 v - 4 potions of flight
 w - 2 potions of lignification
 x - 2 potions of magic
 z - 5 potions of cancellation
 A - 3 potions of heal wounds
 G - a potion of brilliance
 W - 3 potions of invisibility
Books
 B - a manual of Short Blades


   Skills:
 + Level 14.2 Fighting
 - Level 12.0 Dodging
 - Level 18.0 Unarmed Combat
 - Level 10.0 Spellcasting
 - Level 5.0 Hexes
 - Level 14.0 Transmutations
 - Level 4.0 Ice Magic
 - Level 14.0 Earth Magic
 - Level 10.6 Evocations


You had 13 spell levels left.
You knew the following spells:

 Your Spells              Type           Power        Failure   Level
a - Beastly Appendage     Tmut           #####.       1%          1
b - Spider Form           Tmut/Pois      ####......   1%          3
c - Blade Hands           Tmut           #####.....   1%          5
d - Ice Form              Ice/Tmut       ####....     2%          4
e - Statue Form           Tmut/Erth      #####....    4%          6
f - Yara's Violent Unrav  Hex/Tmut       ####......   6%          5

Your spell library contained the following spells:

 Spells                   Type           Power        Failure   Level
 Corona                   Hex            ###....      1%          1
 Sandblast                Erth           #####.       1%          1
 Sting                    Tmut/Pois      ####         1%          1
 Slow                     Hex            ###.....     1%          2
 Wereblood                Tmut           #####...     1%          2
 Stone Arrow              Conj/Erth      ####..       1%          3
 Leda's Liquefaction      Hex/Erth       ####......   1%          4
 Lee's Rapid Deconstruct  Erth           #####.....   1%          5
 Ensorcelled Hibernation  Hex/Ice        ###...       2%          2
 Confusing Touch          Hex            ###.....     4%          3
 Ignite Poison            Fire/Tmut/Pois ###.....     4%          3
 Animate Skeleton         Necr           #.....       11%         1
 Foxfire                  Conj/Fire      #...         11%         1
 Magic Dart               Conj           #...         11%         1
 Pain                     Necr           #...         11%         1
 Dazzling Flash           Conj/Hex       ##....       11%         3
 Inner Flame              Hex/Fire       ##......     11%         3
 Portal Projectile        Hex/Tloc       ##....       11%         3
 Cause Fear               Hex            ###.......   13%         4
 Poisonous Vapours        Pois/Air       #.....       16%         2
 Searing Ray              Conj           #.....       16%         2
 Mephitic Cloud           Conj/Pois/Air  #.......     30%         3
 Vampiric Draining        Necr           #.........   30%         3
 Fulminant Prism          Conj/Hex       ##........   36%         4
 Bolt of Magma            Conj/Fire/Erth ###.......   41%         5
 Iron Shot                Conj/Erth      ####......   65%         6
 Animate Dead             Necr           #.........   71%         4
 Iskenderun's Mystic Bla  Conj/Tloc      #.......     71%         4
 Olgreb's Toxic Radiance  Pois           #.......     71%         4
 Summon Lightning Spire   Summ/Air       #.......     71%         4
 Silence                  Hex/Air        ##........   71%         5
 Agony                    Necr           #.......     96%         5
 Conjure Ball Lightning   Conj/Air       #.........   100%        6
 Shatter                  Erth           #####.....   100%        9
 Tornado                  Air            #.........   100%        9


Dungeon Overview and Level Annotations

Branches:
Dungeon (15/15)            Temple (0/1) D:4            Lair (6/6) D:10
 Shoals (0/4) Lair:4        Snake (4/4) Lair:2        Slime (0/5) Lair:5
    Orc (2/2) D:10            Elf (2/3) Orc:2        Vaults (0/5) D:14
 Depths (0/5) D:15        Gauntlet (visited)

Altars:
Ashenzari
Cheibriados
Dithmenos
Elyvilon
Kikubaaqudgha
Nemelex Xobeh
Okawaru
Qazlal
Ru
Sif Muna
Trog
Uskayaw
Wu Jian
Xom
Zin
Beogh

Shops:
D:5 *   D:8 :   Orc:2 [}?=

Annotations:
D:2 2 transporters
D:9 6 runed translucent doors, Cietu's ghost, novice OpEE; bmj180's ghost, journeyman MiFi


Innate Abilities, Weirdness & Mutations

((You can walk through water.))
((Your dull iron-grey scales are very hard. (AC +15)))
You cannot fit into any form of body armour.
You can survive without breathing.
You are cold-blooded and may be slowed by cold attacks.


Message History

The poison arrow hits you! You partially resist.
* * * LOW HITPOINT WARNING * * *
The naga mage constricts you.
The nagaraja gestures at you while chanting.
The lance of force hits you!
* * * LOW HITPOINT WARNING * * *
The naga mage loses its grip on you.
You are knocked back by the lance of force.
You slam into the stone wall!
Press: ? - help, Dir - move target cursor
As you read the scroll of blinking, it crumbles to dust.
Your surroundings suddenly seem different.
The naga sharpshooter shouts!
The naga sharpshooter gestures wildly while chanting.
The naga sharpshooter magically shoots a bolt.
The bolt hits you but does no damage.
The naga sharpshooter gestures wildly while chanting.
The naga sharpshooter magically shoots a bolt.
The bolt hits you!
You die...

#...####.......#
#...............
#######)..............
#......).....#'####...
##...)).....N#....#...
###.........#....#...
#.........#....#...
##.........#'''##.##
##..8..............#.
#..................+.
#.###.....####'##..#.
#.# ##....#.....#..#.
# #....#..^.....#.
##...#####^..###
##......##...##.
##....####.....##
######...#####.......#


You could see a naga sharpshooter.

Vanquished Creatures
  The ghost of Flugslaktarn the Brawler, an adept TrFi of Makhleb (Snake:1)
  Frances (Snake:1)
  A tentacled starspawn (Abyss:1)
  Agnes (Snake:3)
  7 nagarajas
  Roxanne (D:15)
  An orc warlord (Orc:1)
  3 minotaurs
  Snorg (Lair:6)
  A yaktaur captain (D:15)
  Fannar (D:11)
  9 naga warriors
  4 vault guards (D:14)
  7 hydras
  A merfolk avatar (Lair:6)
  17 anacondas
  5 two-headed ogres
  6 centaur warriors
  An ogre mage (D:14)
  20 dancing weapons
  A death knight (D:13)
  7 death yaks
  8 orc high priests
  6 shock serpents
  14 naga sharpshooters
  The ghost of Hiceoc the Nimble, a journeyman FeBe of Trog (Lair:4)
  3 tengu warriors
  Urug (D:11)
  Sonja (Orc:1)
  10 deep elf knights
  A wretched star (Abyss:1)
  A spatial maelstrom (Abyss:1)
  5 skeletal warriors (D:13)
  2 unseen horrors
  8 sea snakes (Snake:4)
  11 naga ritualists
  7 deep elf archers (Elf:1)
  2 phantasmal warriors (D:13)
  A wizard (D:14)
  2 large abominations (Abyss:1)
  5 lindwurms
  28 deep elf magi
  22 ugly things
  4 harpies (Lair:6)
  An orc knight (D:14)
  2 cyclopes
  7 mana vipers
  2 orc sorcerers (Orc:1)
  A salamander (shapeshifter) (Gauntlet)
  8 salamanders
  A wolf spider (Lair:4)
  A worldbinder (Abyss:1)
  8 elephants
  An apocalypse crab (Abyss:1)
  A cyclops (shapeshifter) (Gauntlet)
  15 naga magi
  2 centaur zombies
  4 guardian serpents (Snake:4)
  32 black mambas
  A smoke demon (Abyss:1)
  A centaur skeleton (D:13)
  A torpor snail (Lair:4)
  4 gargoyles
  A kobold demonologist (D:13)
  7 cane toads
  A freezing wraith (Abyss:1)
  Maggie (D:7)
  12 komodo dragons
  11 yaktaurs
  An efreet (D:13)
  3 rime drakes
  An ice devil (Abyss:1)
  2 tengu conjurers
  3 meliai (D:14)
  A meliai (shapeshifter) (Gauntlet)
  5 polar bears (Lair:6)
  2 queen bees (shapeshifter)
  9 trolls
  4 hornets
  Prince Ribbit (D:5)
  10 slime creatures
  6 raiju
  A dream sheep (Lair:4)
  Grinder (D:4)
  11 blink frogs
  9 hippogriffs
  2 vampires
  4 wraiths
  10 wyverns
  4 starcursed masses (Abyss:1)
  4 water elementals
  2 shadows
  A ynoxinul (Abyss:1)
  3 fire elementals (Elf:2)
  A steam dragon (D:12)
  51 yaks
  A human (D:14)
  3 basilisks
  Grum (D:9)
  4 vampire mosquitoes (D:14)
  55 nagas
  8 wargs
  An acid dragon (D:15)
  17 water moccasins
  7 porcupines
  A floating eye (shapeshifter) (Elf:1)
  2 soldier ants
  14 orc warriors
  4 sky beasts
  2 ice beasts
  2 eyes of draining
  A black bear (D:6)
  2 phantoms
  A small abomination (Abyss:1)
  7 ogres
  8 wolves
  17 centaurs
  7 crocodiles
  2 big kobolds
  2 wyvern zombies
  15 bullfrogs
  7 scorpions
  A water moccasin skeleton (D:5)
  15 killer bees
  5 wights (D:11)
  3 howler monkeys
  6 electric eels
  2 quasits
  8 hounds
  33 orc priests
  2 bullfrog zombies (D:5)
  12 jellies
  2 gnoll shamans (D:8)
  16 orc wizards
  5 bullfrog skeletons
  Jessica (D:3)
  4 iguanas
  A lightning spire (Gauntlet)
  12 worker ants
  3 hound skeletons
  A killer bee simulacrum (D:9)
  A worker ant zombie (D:6)
  14 gnolls
  8 adders
  4 white imps
  3 ufetubi
  2 oozes
  An adder skeleton (D:6)
  3 worms
  3 leopard geckos
  78 orcs
  6 giant cockroaches
  5 goblins
  6 hobgoblins
  9 jackals
  13 kobolds
  4 quokkas
  A ball python (D:3)
  8 bats
  5 frilled lizards
  2 jackal skeletons
  6 rats
  3 starspawn tentacles (Abyss:1)
1026 creatures vanquished.

Vanquished Creatures (others)
  A blink frog (Lair:5)
  An orc (Orc:2)
  A quokka (D:15)
  30 fungi
  69 plants
  2 starspawn tentacles (Abyss:1)
  6 withered plants (D:9)
110 creatures vanquished.

Grand Total: 1136 creatures vanquished

Notes
Turn   | Place    | Note
-------+----------+-------------------------------------------
     0 | D:1      | kae the Draconian Transmuter began the quest for the Orb.
     0 | D:1      | Reached XP level 1. HP: 16/16 MP: 3/3
   350 | D:1      | Reached XP level 2. HP: 23/23 MP: 3/5
   972 | D:2      | Reached XP level 3. HP: 21/28 MP: 4/6
  1341 | D:2      | Found a transporter.
  1344 | D:2      | Noticed a scorpion
  1347 | D:2      | Found a transporter.
  1347 | D:2      | Noticed a bullfrog
  1355 | D:2      | Found a shadowy altar of Dithmenos.
  1355 | D:2      | Found a glowing silver altar of Zin.
  1367 | D:2      | Reached skill level 4 in Unarmed Combat
  1410 | D:2      | Found a broken altar of Ashenzari.
  1678 | D:2      | Found an ornate altar of the Wu Jian Council.
  1688 | D:2      | Became a worshipper of the Wu Jian Council
  1740 | D:2      | Reached XP level 4. HP: 28/35 MP: 7/7
  2166 | D:2      | Learned a level 3 spell: Spider Form
  2502 | D:3      | Noticed Jessica
  2516 | D:3      | Killed Jessica
  3126 | D:3      | Reached skill level 5 in Unarmed Combat
  3126 | D:3      | Reached XP level 5. HP: 40/40 MP: 4/8
  3130 | D:3      | Reached * piety under Wu Jian
  3773 | D:4      | Noticed an ogre
  3781 | D:4      | HP: 1/40 [ogre/cursed +0 giant club (27)]
  3782 | D:4      | Killed an ogre
  3782 | D:4      | Reached XP level 6. HP: 1/47 MP: 5/9
  4191 | D:4      | Found a shimmering altar of Xom.
  4254 | D:4      | Reached skill level 6 in Unarmed Combat
  4290 | D:4      | Noticed a two-headed ogre
  4778 | D:4      | Noticed Grinder
  4789 | D:4      | Paralysed by Grinder for 4 turns
  5116 | D:4      | Paralysed by Grinder for 5 turns
  5129 | D:4      | Killed Grinder
  5129 | D:4      | Reached skill level 7 in Unarmed Combat
  5129 | D:4      | Your scales start taking on a dull iron-grey colour.
  5129 | D:4      | Reached XP level 7. HP: 20/52 MP: 8/10
  5129 | D:4      | Gained mutation: You can survive without breathing. [Grey
                  | Draconian growth]
  5325 | D:4      | Reached skill level 5 in Transmutations
  5386 | D:4      | Found a staircase to the Ecumenical Temple.
  5583 | D:5      | Entered Level 5 of the Dungeon
  5704 | D:5      | Noticed Prince Ribbit
  5717 | D:5      | Killed Prince Ribbit
  5717 | D:5      | Reached ** piety under Wu Jian
  5717 | D:5      | Reached skill level 8 in Unarmed Combat
  5717 | D:5      | Reached XP level 8. HP: 28/59 MP: 8/11
  5913 | D:5      | Found Diuhav's Lightly-Used Armoury.
  6249 | D:5      | Reached skill level 9 in Unarmed Combat
  6715 | D:5      | Found a shimmering blue altar of Sif Muna.
  7034 | D:5      | Learned a level 5 spell: Blade Hands
  7460 | D:6      | Found a sparkling altar of Nemelex Xobeh.
  7508 | D:6      | Found an ancient bone altar of Kikubaaqudgha.
  7581 | D:6      | Found an iron altar of Okawaru.
  7633 | D:6      | Found a bloodstained altar of Trog.
  7638 | D:6      | Found a shimmering blue altar of Sif Muna.
  7715 | D:6      | Found a white marble altar of Elyvilon.
  8124 | D:6      | Reached skill level 10 in Unarmed Combat
  8228 | D:6      | Found a snail-covered altar of Cheibriados.
  8434 | D:7      | Reached XP level 9. HP: 49/64 MP: 9/12
  8804 | D:7      | Found a shadowy altar of Dithmenos.
  8846 | D:7      | Noticed Maggie
  8856 | D:7      | Killed Maggie
  8897 | D:7      | Got a brightly glowing bone ring
  9253 | D:7      | Reached *** piety under Wu Jian
  9316 | D:7      | Reached skill level 11 in Unarmed Combat
  9749 | D:7      | Identified the ring of Fuolatru {*Contam rElec rF+ rN+++
                  | EV+4} (You found it on level 7 of the Dungeon)
 10272 | D:8      | Reached XP level 10. HP: 58/71 MP: 9/13
 10333 | D:8      | Reached skill level 12 in Unarmed Combat
 10481 | D:8      | Found a hide-covered altar of Uskayaw.
 10485 | D:8      | Noticed a +0 hand axe
 10485 | D:8      | Noticed a +0 hand axe
 10796 | D:8      | Found Zicw's Book Boutique.
 10969 | D:8      | Learned a level 4 spell: Ice Form
 10991 | D:9      | Noticed Grum
 11273 | D:9      | Killed Grum
 11273 | D:9      | Reached skill level 1 in Ice Magic
 11351 | D:9      | Noticed a two-headed ogre
 11356 | D:9      | Killed a two-headed ogre
 11540 | D:9      | Reached **** piety under Wu Jian
 11605 | D:9      | Found a runed translucent door.
 11607 | D:9      | Found a runed translucent door.
 11607 | D:9      | Noticed a death knight
 11609 | D:9      | Found a runed translucent door.
 11613 | D:9      | Identified the cursed +1 dagger "Fell" {elec, rC+++ Str+4
                  | Int-3}
 11648 | D:9      | Found a runed translucent gate.
 11648 | D:9      | Found a runed translucent gate.
 11650 | D:9      | Found a runed translucent gate.
 11652 | D:9      | Noticed bmj180's ghost (journeyman MiFi)
 11652 | D:9      | Noticed Cietu's ghost (novice OpEE)
 11736 | D:9      | Reached skill level 13 in Unarmed Combat
 12089 | D:9      | Noticed a deep elf mage
 12106 | D:9      | Killed a deep elf mage
 12142 | D:9      | Got a slimy wooden ring
 12157 | D:9      | Reached XP level 11. HP: 77/77 MP: 11/17
 12197 | D:9      | Got a scintillating granite ring
 12691 | D:9      | Identified the ring "Lelos" {rElec rPois rC+ rN+ AC+4
                  | Dex+2} (You found it on level 9 of the Dungeon)
 12760 | D:10     | Entered Level 10 of the Dungeon
 12809 | D:10     | Reached skill level 10 in Transmutations
 13106 | D:10     | Found a staircase to the Lair.
 13127 | D:10     | Noticed a two-headed ogre
 13137 | D:10     | Killed a two-headed ogre
 13405 | D:10     | Found a staircase to the Orcish Mines.
 13777 | D:11     | Noticed a cyan ugly thing
 13788 | D:11     | Killed a cyan ugly thing
 14001 | D:11     | Noticed Fannar
 14017 | D:11     | Killed Fannar
 14017 | D:11     | Reached skill level 5 in Fighting
 14667 | D:11     | Noticed a two-headed ogre
 14679 | D:11     | Reached skill level 5 in Dodging
 14680 | D:11     | Reached ***** piety under Wu Jian
 14684 | D:11     | Killed a two-headed ogre
 15271 | D:11     | Noticed a death yak
 15271 | D:11     | Noticed a death yak
 15273 | D:11     | Noticed Urug
 16485 | D:11     | Reached XP level 12. HP: 76/100 MP: 12/18
 16601 | D:11     | Identified the +6 long sword of Equilibrium {vorpal, Dex+4}
 16608 | D:11     | Reached skill level 1 in Evocations
 16662 | D:11     | Noticed a minotaur
 16685 | D:11     | Killed a minotaur
 16997 | D:11     | Killed Urug
 16997 | D:11     | Reached skill level 5 in Evocations
 16998 | D:11     | Killed a death yak
 17364 | D:11     | Killed a death yak
 17428 | D:11     | Noticed a death yak
 17429 | D:11     | Noticed a death yak
 17443 | D:11     | Killed a death yak
 17448 | D:11     | Killed a death yak
 17469 | D:11     | Noticed a minotaur
 17682 | D:11     | Killed a minotaur
 18085 | D:11     | Identified the ring of the Cricket {rF+ rN++ Str+3 SInv
                  | Stlth-} (You found it on level 9 of the Dungeon)
 18143 | Lair:1   | Entered Level 1 of the Lair of Beasts
 18585 | Lair:1   | Reached skill level 10 in Evocations
 19073 | Lair:2   | Found a sacrificial altar of Ru.
 19175 | Lair:2   | Found a staircase to the Snake Pit.
 19198 | Lair:2   | Reached XP level 13. HP: 100/105 MP: 13/19
 19904 | D:8      | Bought a book of the Earth for 715 gold pieces
 19911 | D:8      | Learned a level 6 spell: Statue Form
 20039 | Lair:3   | Reached skill level 1 in Earth Magic
 20980 | Lair:3   | Reached skill level 5 in Earth Magic
 21120 | Lair:3   | Identified the Guide on Earthen Enchantment
 21123 | Lair:3   | Got a steaming amber ring
 21465 | Lair:4   | Found a staircase to the Shoals.
 21504 | Lair:4   | Identified the ring of Boumeuh {Ice rN+} (You found it on
                  | level 3 of the Lair of Beasts)
 21585 | Lair:4   | Reached ****** piety under Wu Jian
 21615 | Lair:4   | Found a runed translucent gate.
 21616 | Lair:4   | Found a runed translucent gate.
 21617 | Lair:4   | Found a runed translucent gate.
 21617 | Lair:4   | Noticed Hiceoc's ghost (journeyman FeBe)
 21655 | Lair:4   | You fall into a shaft and drop 2 floors!
 21655 | Lair:6   | Entered Level 6 of the Lair of Beasts
 21933 | Lair:6   | Identified Veze's Catalogue of Enchanting Flames
 21977 | Lair:6   | Reached skill level 10 in Earth Magic
 22124 | Lair:6   | Reached XP level 14. HP: 8/113 MP: 15/20
 22501 | Lair:6   | Noticed Snorg
 22513 | Lair:6   | Killed Snorg
 23348 | Lair:5   | Found a staircase to the Slime Pits.
 24740 | Lair:4   | Killed Hiceoc's ghost
 25164 | D:12     | Found a gate leading to a gauntlet.
 25185 | Gauntlet | Entered a Gauntlet
 25185 | Gauntlet | Found a transporter.
 25185 | Gauntlet | Found a transporter.
 25200 | Gauntlet | Found a transporter.
 25200 | Gauntlet | Found a transporter.
 25210 | Gauntlet | Noticed a storm dragon
 25215 | Gauntlet | Found a transporter.
 25216 | Gauntlet | Found a transporter.
 25252 | Gauntlet | Found a transporter.
 25260 | Gauntlet | Found a transporter.
 25280 | Gauntlet | Found a transporter.
 25286 | Gauntlet | Found a transporter.
 25304 | Gauntlet | Found a transporter.
 25383 | Gauntlet | Found a transporter.
 25760 | Gauntlet | Got a flickering silver amulet
 25918 | Gauntlet | Identified the amulet of Weaten {RegenMP *Contam Dex+3
                  | Slay+5} (You found it in a Gauntlet)
 27534 | D:13     | Reached XP level 15. HP: 118/118 MP: 19/21
 28318 | D:14     | Reached skill level 5 in Spellcasting
 29550 | D:14     | Found a gate to the Vaults.
 29556 | D:14     | Reached skill level 14 in Unarmed Combat
 29926 | D:15     | Entered Level 15 of the Dungeon
 29964 | D:15     | Found a white marble altar of Elyvilon.
 30151 | D:15     | Noticed Roxanne
 30171 | D:15     | Killed Roxanne
 30207 | D:15     | Learned a level 5 spell: Yara's Violent Unravelling
 30315 | D:15     | Reached skill level 15 in Unarmed Combat
 30403 | D:15     | Reached skill level 1 in Hexes
 30555 | D:15     | Found a staircase to the Depths.
 30911 | Orc:1    | Entered Level 1 of the Orcish Mines
 30911 | Orc:1    | Noticed an orc warlord
 30914 | Orc:1    | Noticed Sonja
 30922 | Orc:1    | Killed an orc warlord
 30927 | Orc:1    | Cast into level 1 of the Abyss (Sonja)
 31055 | Abyss:1  | Reached XP level 16. HP: 132/132 MP: 26/26
 31172 | Abyss:1  | Noticed a tentacled starspawn
 31178 | Abyss:1  | Killed a tentacled starspawn
 31178 | Abyss:1  | Reached skill level 16 in Unarmed Combat
 31191 | Orc:1    | Escaped the Abyss
 31218 | Orc:1    | Killed Sonja
 31912 | Orc:2    | Entered Level 2 of the Orcish Mines
 31940 | Orc:2    | Found a staircase to the Elven Halls.
 32306 | Orc:2    | Reached skill level 10 in Fighting
 32319 | Orc:2    | Found Saostret's Magic Scroll Shop.
 32319 | Orc:2    | Found Waz Nema's Jewellery Shoppe.
 32374 | Orc:2    | Bought a scroll of identify for 32 gold pieces
 32375 | Orc:2    | Bought 2 scrolls of identify for 64 gold pieces
 32375 | Orc:2    | Bought a scroll of identify for 32 gold pieces
 32375 | Orc:2    | Bought a scroll of identify for 32 gold pieces
 32511 | Orc:2    | Found a roughly hewn altar of Beogh.
 32520 | Orc:2    | Found Ceitrubu's Gadget Shoppe.
 32520 | Orc:2    | Found Ojabbeypse's Antique Armour Shop.
 33094 | Orc:1    | Paralysed by an orc sorcerer for 5 turns
 33361 | Elf:1    | Entered Level 1 of the Elven Halls
 33370 | Elf:1    | Reached skill level 5 in Hexes
 34863 | Elf:2    | Found a runed translucent gate.
 34863 | Elf:2    | Found a runed translucent gate.
 34865 | Elf:2    | Found a runed translucent gate.
 34926 | Elf:2    | Reached skill level 17 in Unarmed Combat
 35971 | Elf:2    | Reached XP level 17. HP: 148/148 MP: 23/27
 36259 | Snake:1  | Entered Level 1 of the Snake Pit
 36297 | Snake:1  | Noticed Frances
 36319 | Snake:1  | Killed Frances
 36319 | Snake:1  | Reached skill level 18 in Unarmed Combat
 36420 | Snake:1  | Found a runed translucent door.
 36422 | Snake:1  | Noticed Flugslaktarn's ghost (adept TrFi)
 37560 | Snake:1  | Killed Flugslaktarn's ghost
 37685 | Snake:2  | Found a stormy altar of Qazlal.
 38769 | Snake:3  | Identified a scroll of acquirement
 38769 | Snake:3  | Acquired 747 gold pieces
 39439 | Snake:3  | Reached skill level 10 in Dodging
 39525 | Snake:3  | Noticed Agnes
 39543 | Snake:3  | Killed Agnes
 39851 | Snake:4  | Entered Level 4 of the Snake Pit
 40600 | Snake:4  | Reached XP level 18. HP: 160/160 MP: 25/28
 41606 | Snake:4  | Reached skill level 10 in Spellcasting
 41621 | Snake:4  | HP: 5/208 [nagaraja/lance of force (10)]
 41622 | Snake:4  | Shot with a bolt by a naga sharpshooter

Illustrated notes

Levels and vault maps discovered:
D:1:      scummos_arrival_gate, layout_basic
D:2:      cheibrodos_old_hovel, layout_loops_corners,
          gammafunk_temple_overflow_arena, nicolae_overflow_crystal_walls
D:3:      layout_loops_corners, uniq_jessica
D:4:      layout_cave_pools, lemuel_doored_altar, temple_doors_e,
          grunt_ministairs_6, uniq_grinder
D:5:      layout_cave_pods, minmay_shop_damaged, led_sif_pool,
          uniq_prince_ribbit1
D:6:      layout_cave_pods, lemuel_crystal_altar,
          nicolae_overflow_hidden_temple, kennysheep_little_box
D:7:      layout_loops_ring, grunt_dithmenos_smoke_and_mirrors, uniq_maggie
D:8:      layout_cave_pools, dancing_weapons_uskayaw, serial_gnoll_camp,
          gnoll_camp_mini_hut, gnoll_camp_mini_loothouse, gnoll_camp_mini_hut,
          gnoll_camp_mini_hut, gnoll_camp_mini_shop, kennysheep_generic_room_11
D:9:      minmay_the_grid_four_pointed_star_mashed
          [minmay_the_grid_triangle_9x9_corruption,
          minmay_the_grid_triangle_9x9_stretched_checkered,
          minmay_the_grid_triangle_9x9_fully_insulated_deathbox,
          minmay_the_grid_triangle_9x9_impossible_snake,
          minmay_the_grid_prize_trominoes], layout_grid_maze,
          gammafunk_ghost_cemetery, uniq_grum
D:10:     layout_rooms, lair_entry_dummy, orc_0_dummy
D:11:     fort_yaktaur, layout_loops_corners, minmay_fractal_squares_5,
          uniq_urug, uniq_fannar
D:12:     layout_roguey, gauntlet_entry_generic
D:13:     layout_loops_cross, minmay_stone_trees_small
D:14:     layout_long_grid, grunt_vaults_entry_fortified
D:15:     grunt_enter_depths_snipers, layout_basic, hex_intersection,
          elyvilon_altar_4, uniq_roxanne
Lair:1:   layout_roguey, beast_lair_carwin_7, grunt_megastairs_3,
          lemuel_fruit_fields
Lair:2:   layout_roguey, minmay_snake_entry_guardpost_small, basic_altar,
          serial_bayou_lagoon_a, lemuel_fruit_tree
Lair:3:   layout_cellular_growth, minmay_lindwurm_lava
Lair:4:   layout_layer_cave, minmay_shoals_entry_centaurs, serial_bayou,
          serial_bayou_pond_b, serial_bayou_pond_c, serial_bayou_pond_d,
          serial_bayou_pond_b, gammafunk_ghost_split, minmay_shattered_shrine,
          infiniplex_staircase_pool_2
Lair:5:   layout_hall_layers, nicolae_slime_entry_slimehenge
Lair:6:   gammafunk_lair_ancient_temple, layout_long_grid,
          grunt_forest_small_clearing_treed, serial_bayou_shore_a, uniq_snorg
Snake:1:  layout_chambers, ebering_ghost_inner_flame, serial_bayou_ford_a,
          uniq_frances
Snake:2:  layout_basic, special_room, basic_altar, drop_trap,
          grunt_ministairs_4, serial_bayou_shore_b, grunt_megastairs_4,
          serial_bayou_shore_b
Snake:3:  layout_cave_town, st_stairs_11, grunt_ministairs_1, uniq_agnes
Snake:4:  grunt_snake_rune_pools, layout_cave_town,
          nicolae_snake_round_shape_thing
Orc:1:    layout_caves, uniq_sonja
Orc:2:    st_orc_town, layout_caves
Elf:1:    layout_gridlike, minivault_28
Elf:2:    layout_geoelf_diagonals

Skill      XL: |  1  2  3  4  5  6  7  8  9 10 11 12 13 14 15 16 17 18 |
---------------+-------------------------------------------------------+-----
Unarmed Combat | 4 5 7 8 10 11 13 15 17 18 | 18.0
Transmutations | 3 4 5 7 8 9 10 11 13 14 | 14.0
Ice Magic      | 3 4 |  4.0
Spellcasting   | 4 7 10 | 10.0
Dodging        | 6 7 11 12 | 12.0
Fighting       | 7 9 12 14 | 14.2
Evocations     | 10 | 10.6
Earth Magic    | 10 14 | 14.0
Hexes          | 2 5 |  5.0

Action                   |  1- 3 |  4- 6 |  7- 9 | 10-12 | 13-15 | 16-18 || total
-------------------------+-------+-------+-------+-------+-------+-------++-------
Melee: Unarmed           |   115 |   130 |   310 |   483 |   912 |   810 ||  2760
       Kick              |    16 |    19 |    17 |       |       |       ||    52
       Headbutt          |     9 |     7 |    12 |       |       |       ||    28
       Tailslap          |     8 |    13 |    15 |    67 |   133 |   104 ||   340
       Punch             |     1 |       |     5 |    20 |    61 |    66 ||   153
 Cast: Beastly Appendage |    26 |    16 |    16 |     1 |       |       ||    59
       Spider Form       |       |     7 |    29 |       |       |       ||    36
       Blade Hands       |       |       |     3 |    60 |    54 |       ||   117
       Ice Form          |       |       |       |       |     3 |     1 ||     4
       Statue Form       |       |       |       |       |    37 |    72 ||   109
       Yara's Violent Un |       |       |       |       |       |     2 ||     2
Invok: Lunge             |     1 |    13 |    24 |    37 |    77 |    90 ||   242
       Whirlwind         |       |     1 |     1 |    14 |    44 |    64 ||   124
       Serpent's Lash    |       |       |       |     2 |     2 |       ||     4
       Heavenly Storm    |       |       |       |       |     1 |     1 ||     2
Evoke: Wand              |       |       |       |     5 |    10 |       ||    15
  Use: Scroll            |     4 |     9 |     5 |    12 |    14 |     7 ||    51
       Potion            |       |     4 |       |     1 |     2 |       ||     7
 Stab: Sleeping          |       |       |       |       |     2 |       ||     2
       Distracted        |       |       |       |       |     1 |       ||     1
Armor: Skin              |    26 |    27 |    62 |   124 |   367 |   441 ||  1047
Dodge: Dodged            |    91 |    63 |   188 |   321 |   764 |  1058 ||  2485

Table legend: (Time is in decaauts)
 A = Elapsed time spent in this place.
 B = Non-inter-level travel time spent in this place.
 C = Inter-level travel time spent in this place.
 D = Time resting spent in this place.
 E = Time spent auto-exploring this place.
 F = Levels seen in this place.
 G = Mean time per level.
                   A        B        C        D        E       F      G
               +--------+--------+--------+--------+--------+-----+--------+
         Total |  43363 |  41744 |   1619 |   6727 |  28869 |  31 | 1398.8 |
       Dungeon |  23553 |  22829 |    724 |   4268 |  15391 |  15 | 1570.2 |
          Lair |   6726 |   6230 |    496 |    631 |   4673 |   6 | 1121.0 |
     Snake Pit |   6224 |   6131 |     93 |    378 |   4766 |   4 | 1556.0 |
  Orcish Mines |   2335 |   2190 |    145 |    464 |   1469 |   2 | 1167.5 |
   Elven Halls |   3105 |   2945 |    160 |    500 |   2034 |   2 | 1552.5 |
         Abyss |    336 |    336 |      0 |      0 |    206 |   1 |  336.0 |
      Gauntlet |   1080 |   1080 |      0 |    485 |    329 |   1 | 1080.0 |
               +--------+--------+--------+--------+--------+-----+--------+

Top non-repeatable levels by time:
    D:11: 3312 daAuts
     D:3: 2231 daAuts
    D:10: 2196 daAuts
 Snake:4: 2044 daAuts
    D:14: 1841 daAuts
   Elf:2: 1791 daAuts
 Snake:1: 1636 daAuts
  Lair:6: 1573 daAuts
     D:9: 1515 daAuts
     D:8: 1502 daAuts
     D:2: 1492 daAuts
     D:5: 1464 daAuts
 Snake:3: 1437 daAuts
    D:13: 1407 daAuts
     D:7: 1398 daAuts
